 Dungeon Crawl Stone Soup version 0.27-a0-988-g25969acef8 (webtiles) character file.

Game seed: 13262471622976815360

292582 tilp the Warrior (level 20, -4/119 HPs)
             Began as a Vine Stalker Brigand on Apr 15, 2021.
             Was a High Priest of Trog.
             Killed from afar by a deep elf pyromancer (10 damage)
             ... with a bolt of fire
             ... on level 3 of the Elven Halls.
             The game lasted 01:28:45 (35362 turns).

tilp the Warrior (Vine Stalker Brigand)            Turns: 35362, Time: 01:28:46

Health: -4/119     AC: 15    Str: 18    XL:     20   Next: 80%
Magic:  0/13       EV: 20    Int: 10    God:    Trog [*****.]
Gold:   4348       SH:  9    Dex: 28    Spells: 19/19 levels left

rFire    + . .     SeeInvis +   M - +6 double sword (antimagic)
rCold    + . .     Faith    .   t - +2 buckler "Kuiwnil" {rElec rF+ MP+9 Str+4}
rNeg     + + .     Spirit   +   A - +3 chain mail {rC+}
rPois    +         Reflect  .   F - +2 hat {SInv}
rElec    +         Harm     .   j - +2 ratskin cloak {*Rats rPois rN+ Str-1 Int-1 Dex+1}
rCorr    .         Rampage  .   m - +0 pair of fencer's gloves {Riposte Dex+3}
Will     +++++     Clarity  +   P - +2 pair of boots
Stlth    ++........             K - amulet of the Four Winds {rN+ Will+++ Clar}
HPRegen  1.29/turn              H - +4 ring of evasion
MPRegen  0.13/turn              w - ring of magical power

@: corroded
A: fangs 3, regeneration 1, magic shield, antimagic bite, no potion heal 2
}: 2/15 runes: barnacled, gossamer
a: Renounce Religion, Berserk, Trog's Hand, Brothers in Arms


You were on level 3 of the Elven Halls.
You worshipped Trog.
Trog was extremely pleased with you.
You visited 6 branches of the dungeon, and saw 34 of its levels.
You also visited: Gauntlet and Ice Cave.

You collected 6068 gold pieces.
You spent 1720 gold pieces at shops.

Inventory:

Hand Weapons
 b - a +4 rapier of electrocution
 u - a +2 great sword of holy wrath
 B - a +9 triple sword of freezing
 M - a +6 antimagic double sword (weapon)
Missiles
 d - 146 poisoned darts (quivered)
 e - 27 curare-tipped darts {!f}
 k - 120 javelins
 r - 18 throwing nets {!f}
 O - 67 boomerangs
 U - 69 silver javelins
 Y - 2 atropa-tipped darts
Armour
 j - the +2 ratskin cloak (worn) {*Rats rPois rN+ Str-1 Int-1 Dex+1}
   (You found it on level 5 of the Dungeon)

   It affects your strength (-1).
   It affects your intelligence (-1).
   It affects your dexterity (+1).
   It protects you from poison.
   It protects you from negative energy.
 m - the +0 pair of fencer's gloves (worn) {Riposte Dex+3}
   (You acquired it on level 8 of the Dungeon)

   It affects your dexterity (+3).
 t - the +2 buckler "Kuiwnil" (worn) {rElec rF+ MP+9 Str+4}
   (You found it on level 4 of the Dungeon)

   It affects your strength (+4).
   It protects you from fire.
   It insulates you from electricity.
   It affects your magic capacity (+9).
 A - a +3 chain mail of cold resistance (worn)
 F - a +2 hat of see invisible (worn)
 N - a +2 helmet
 P - a +2 pair of boots (worn)
 Q - a +3 plate armour
Jewellery
 c - a ring of protection from cold
 v - a ring of protection from fire
 w - a ring of magical power (right hand)
 y - an amulet of reflection
 H - a +4 ring of evasion (left hand)
 K - the amulet of the Four Winds (around neck) {rN+ Will+++ Clar}
   (You found it in a Gauntlet)

   [amulet of nothing]

   It protects you from negative energy.
   It protects you against confusion.
   It greatly increases your willpower.
Wands
 h - a wand of polymorph (52)
 s - a wand of iceblast (33)
 x - a wand of digging (7)
 E - a wand of acid (11)
 S - a wand of paralysis (13)
 T - a wand of mindburst (9)
 W - a wand of charming (17)
Scrolls
 a - a scroll of enchant armour
 i - 8 scrolls of fog
 o - 8 scrolls of teleportation
 G - 3 scrolls of identify
 J - 4 scrolls of fear
 R - 3 scrolls of summoning
 X - a scroll of blinking
Potions
 f - 5 potions of might
 l - 3 potions of curing
 p - 6 potions of mutation
 q - 4 potions of invisibility
 z - 9 potions of haste
 C - 2 potions of cancellation
 D - 3 potions of resistance
 I - 2 potions of flight
 V - 5 potions of ambrosia
Miscellaneous
 g - a lightning rod (4/4)
 n - a box of beasts
 L - a phial of floods
 Z - a tin of tremorstones (2/2)


   Skills:
 + Level 17.7 Fighting
 - Level 10.0(14.6) Short Blades
 - Level 17.1(18.0) Long Blades
 - Level 12.0 Throwing
 - Level 8.0 Armour
 - Level 12.0 Dodging
 - Level 10.0 Stealth
 - Level 4.0 Shields
 - Level 8.0 Evocations


You had 19 spell levels left.
You didn't know any spells.
Your spell library contained the following spells:

 Spells                   Type           Power      Damage    Failure   Level
 Confusing Touch          Hex            0%         N/A       100%        3
 Gell's Gravitas          Tloc           0%         N/A       100%        3
 Petrify                  Tmut/Erth      0%         N/A       100%        4
 Metabolic Englaciation   Hex/Ice        0%         N/A       100%        5
 Yara's Violent Unravell  Hex/Tmut       0%         3d3       100%        5


Dungeon Overview and Level Annotations

Branches:
Dungeon (15/15)            Temple (0/1) D:5            Lair (6/6) D:11
 Shoals (4/4) Lair:2       Spider (4/4) Lair:4        Slime (0/5) Lair:6
    Orc (2/2) D:12            Elf (3/3) Orc:2        Vaults (0/5) D:13
 Depths (0/5) D:15          IceCv (visited)         Gauntlet (visited)

Altars:
Dithmenos
Elyvilon
Fedhas
Gozag
Kikubaaqudgha
Makhleb
Qazlal
Ru
Trog
Uskayaw
Vehumet
Xom
Yredelemnul
Zin

Shops:
D:10 [   Orc:1 :   Orc:2 [![!(   Elf:3 (?=**

Portals:
Abyss: Spider:4

Annotations:
Shoals:4 1 runed translucent door, Galthrax's ghost, adept HOFi
Spider:4 2 transporters, Apetseyl's ghost, journeyman MiFi
Elf:2 2 runed translucent doors


Innate Abilities, Weirdness & Mutations

You have razor-sharp teeth.
Your natural rate of healing is unusually fast.
When hurt, damage is shared between your health and your magic reserves.
Your bite disrupts and absorbs the magic of your enemies.
Potions cannot restore your health.


Message History

You riposte.
You closely miss the fire elemental. You bite the fire elemental!
You drain its power.
You feel invigorated.
The fire elemental is moderately damaged.
The deep elf demonologist hits you with a +2 long sword of electrocution.
The soul eater barely misses you.
You riposte.
You hit the soul eater.
The soul eater's magic leaks into the air.
The soul eater is moderately wounded.
The orange demon stings you from afar!
Unknown command.
Unknown command.
You completely miss the deep elf demonologist.
Your bite misses the deep elf demonologist.
The deep elf demonologist is moderately wounded.
The deep elf sorcerer shouts, "You can't withstand my power!"
The fire elemental completely misses you.
You riposte.
You slice the fire elemental!!
You destroy the fire elemental!
Trog accepts your kill.
The deep elf demonologist casts a spell.
Unknown command.
Unknown command.
The deep elf demonologist blocks your attack. x2
The deep elf demonologist is moderately wounded.
The deep elf demonologist misses you. The soul eater hits you!
The orange demon closely misses you. The smoke demon gestures at you.
Something smites you!
The deep elf sorcerer points at you and mumbles some strange words.
The bolt of acid hits you!! The acid corrodes you!
You are splashed with acid!
* * * LOW HITPOINT WARNING * * *
Unknown command.
Unknown command.
The deep elf sorcerer casts a spell at you.
The bolt of acid hits you!!
* * * LOW HITPOINT WARNING * * *
You are splashed with acid!
* * * LOW HITPOINT WARNING * * *
The deep elf pyromancer gestures at you while chanting.
The bolt of fire hits you! You resist.
You die...

..#
##......###.....###
..# #....)).#
###.### .##
##..))).# ### ##
#.#.#..# # #.#.#..#
#.#.#..# # .#
#.#)#..# #..
...####.####.... ##
.....##@##......
.### #......34...#
...#
..#.....ee..#.#
.### #..e......# ##
#e..e...42#
..........3..
................
................
................


You could see 2 deep elf sorcerers, a soul eater (summoned), 2 deep elf
demonologists, an orange demon (summoned), a rust devil (summoned), a deep elf
pyromancer, a smoke demon (summoned) and a tormentor (summoned).

Vanquished Creatures
  2 deep elf blademasters (Elf:3)
  2 deep elf master archers (Elf:3)
  Asterion (Spider:1)
  Gastronok (D:9)
  Donald (Shoals:1)
  Ilsuiw (Shoals:4)
  3 ghost moths (Spider:4)
  2 deep elf sorcerers
  2 frost giants (Shoals:4)
  Louise (Shoals:1)
  4 emperor scorpions
  Aizul (Spider:1)
  5 deep elf elementalists (Elf:3)
  3 deep elf demonologists (Elf:3)
  6 deep elf annihilators
  A minotaur (Gauntlet)
  2 entropy weavers
  3 spark wasps (Spider:4)
  9 merfolk javelineers
  4 deep elf death magi (Elf:3)
  3 deep elf high priests
  Josephine (Spider:1)
  A blizzard demon (IceCv)
  8 merfolk impalers (Shoals:4)
  Harold (D:9)
  3 merfolk avatars
  An ice dragon (Lair:6)
  12 hydras
  Erolcha (D:11)
  A catoblepas (Lair:6)
  6 boulder beetles
  11 two-headed ogres
  2 alligator snapping turtles (Shoals:4)
  11 dancing weapons
  2 satyrs
  2 centaur warriors
  6 death scarabs (Spider:4)
  8 merfolk aquamancers
  Urug (D:13)
  10 death yaks
  6 orc high priests
  5 deep elf knights
  17 sea snakes
  A skeletal warrior (D:12)
  A lindwurm (Lair:6)
  A wizard (D:13)
  Pikel (D:6)
  25 harpies
  6 orc knights
  9 deep elf archers
  15 deep elf zephyrmancers
  10 orb spiders
  18 deep elf pyromancers
  6 oklob plants
  A spectral wolf spider (Spider:4)
  A wolf spider zombie (Spider:4)
  12 fauns
  2 ugly things
  10 wolf spiders
  8 cyclopes
  11 manticores
  4 orc sorcerers
  2 moths of wrath
  8 elephants (Lair:6)
  6 black mambas
  10 merfolk sirens
  An ice statue (IceCv)
  6 water nymphs
  Joseph (D:7)
  3 spectral redbacks (Spider:4)
  A gargoyle (D:12)
  14 cane toads
  6 torpor snails
  3 kobold demonologists
  A rime drake (Lair:2)
  9 komodo dragons
  An unseen horror (D:13)
  5 freezing wraiths (IceCv)
  2 golden dragon simulacra (IceCv)
  2 anaconda simulacra (IceCv)
  An efreet (D:12)
  7 demonic crawlers
  A redback zombie (Spider:4)
  12 trolls
  5 ice devils (IceCv)
  22 hornets
  29 jumping spiders
  17 merfolk
  10 polar bears
  3 spectral tarantellas (Spider:4)
  A wolf spider simulacrum (IceCv)
  12 snapping turtles
  4 meliai
  5 spectral jumping spiders (Spider:4)
  Grinder (D:6)
  A tarantella zombie (Spider:4)
  25 blink frogs
  7 wind drakes
  4 tyrant leeches (Lair:6)
  2 jumping spider zombies (Spider:4)
  A raiju (Lair:6)
  11 dream sheep
  11 slime creatures
  52 redbacks
  26 tarantellas
  Sigmund (D:6)
  5 shadows (Gauntlet)
  5 wraiths
  6 flying skulls (Gauntlet)
  A vampire (D:13)
  19 water elementals
  3 wyverns
  A redback (shapeshifter) (D:13)
  3 dire elephant simulacra (IceCv)
  3 air elementals
  32 yaks
  4 fire elementals
  4 fire bats (Lair:6)
  11 basilisks
  2 steam dragons
  A death yak simulacrum (IceCv)
  8 wargs
  2 harpy simulacra (IceCv)
  Edmund (D:6)
  2 acid dragons
  An iron troll simulacrum (IceCv)
  5 hydra simulacra (IceCv)
  16 hell hounds (Lair:6)
  2 spectral hornets (Spider:4)
  18 water moccasins
  34 orc warriors
  An ice beast (D:8)
  12 black bears
  2 necrophages (D:6)
  2 sky beasts
  10 ogres
  8 centaurs
  41 wolves
  5 kobold brigands
  13 bullfrogs
  An earth elemental (Elf:3)
  2 gnoll sergeants (D:13)
  2 scorpions
  A water moccasin skeleton (D:6)
  A swamp dragon simulacrum (IceCv)
  2 electric eels
  2 howler monkeys
  A bullfrog zombie (D:7)
  3 centaur zombies
  22 orc priests
  Crazy Yiuf (D:7)
  5 hounds
  2 bullfrog skeletons
  A centaur skeleton (D:6)
  21 orc wizards
  5 hell rats
  2 troll simulacra (IceCv)
  2 spriggan simulacra (IceCv)
  A wolf simulacrum (IceCv)
  A hound zombie (D:5)
  A hound skeleton (D:6)
  2 howler monkey zombies
  9 adders
  15 gnolls
  A howler monkey skeleton (D:7)
  6 river rats (D:5)
  5 naga simulacra (IceCv)
  A shadow imp (D:8)
  5 white imps
  8 ufetubi (IceCv)
  3 worms
  A dart slug (D:1)
  88 orcs
  9 ball pythons
  4 endoplasms
  3 giant cockroaches
  5 goblins
  4 hobgoblins
  8 jackals
  32 kobolds
  4 quokkas
  4 bats
  A frilled lizard (D:1)
  23 rats
  A bush (Lair:3)
1271 creatures vanquished.

Vanquished Creatures (collateral kills)
  Nikola (Spider:1)
  Polyphemus (Shoals:4)
  An emperor scorpion (Spider:4)
  2 merfolk impalers
  A boulder beetle (D:15)
  An ogre mage (Orc:1)
  A catoblepas (Shoals:4)
  A merfolk aquamancer (Shoals:4)
  A satyr (Shoals:4)
  A merfolk avatar (Shoals:4)
  2 death scarabs (Spider:4)
  3 death yaks (Shoals:4)
  2 sea snakes
  An orb spider (Spider:1)
  2 spectral wolf spiders (Spider:4)
  2 harpies (Shoals:1)
  3 wolf spiders (Spider:4)
  A faun (Shoals:2)
  A moth of wrath (Spider:4)
  A water nymph (Shoals:2)
  A merfolk siren (Shoals:4)
  A spectral redback (Spider:4)
  2 demonic crawlers
  3 jumping spiders (Spider:4)
  7 merfolk
  A wind drake (Shoals:4)
  A snapping turtle (Shoals:2)
  2 spectral tarantellas (Spider:4)
  A slime creature (D:13)
  3 redbacks (Spider:4)
  A wraith (Spider:1)
  A water elemental (Shoals:4)
  A bullfrog (D:8)
  An orc priest (Orc:1)
  A jelly (D:6)
56 creatures vanquished.

Vanquished Creatures (others)
  A blizzard demon (IceCv)
  A deep elf pyromancer (Elf:2)
  An orc warrior (Elf:2)
  A human (D:4)
  An orc priest (Orc:2)
  2 orc wizards (Orc:2)
  2 orcs
  A bush (Lair:3)
  19 fungi
  102 plants
  6 withered plants (D:13)
137 creatures vanquished.

Grand Total: 1464 creatures vanquished

Notes
Turn   | Place    | Note
-------+----------+-------------------------------------------
     0 | D:1      | tilp the Vine Stalker Brigand began the quest for the Orb.
     0 | D:1      | Reached XP level 1. HP: 11/11 MP: 2/2
   172 | D:1      | Reached XP level 2. HP: 9/15 MP: 3/3
   786 | D:2      | Reached XP level 3. HP: 19/19 MP: 4/4
   827 | D:2      | Found a bloodstained altar of Trog.
  1132 | D:2      | Found a faded altar of an unknown god.
  1477 | D:2      | Gained mutation: Your natural rate of healing is unusually
                  | fast. [Vine Stalker growth]
  1477 | D:2      | Reached XP level 4. HP: 18/24 MP: 3/5
  1505 | D:2      | Became a worshipper of Trog the Wrathful
  2202 | D:3      | Found a white marble altar of Elyvilon.
  2434 | D:3      | Noticed a moth of wrath
  2437 | D:3      | Found a bloodstained altar of Trog.
  2502 | D:3      | Reached * piety under Trog
  2565 | D:3      | Reached XP level 5. HP: 28/28 MP: 6/6
  2805 | D:4      | Found a shadowy altar of Dithmenos.
  2852 | D:4      | Found an ancient bone altar of Kikubaaqudgha.
  2857 | D:4      | Noticed a human
  2859 | D:4      | Killed a human
  3507 | D:4      | Identified the +2 buckler "Kuiwnil" {rElec rF+ MP+9 Str+4}
  3542 | D:5      | Entered Level 5 of the Dungeon
  3757 | D:5      | Reached skill level 1 in Dodging
  3757 | D:5      | Reached XP level 6. HP: 32/33 MP: 7/7
  3900 | D:5      | Found the +2 ratskin cloak {*Rats rPois rN+ Str-1 Int-1
                  | Dex+1}
  3911 | D:5      | Reached skill level 1 in Shields
  3925 | D:5      | Reached ** piety under Trog
  4275 | D:5      | Found a staircase to the Ecumenical Temple.
  4345 | D:6      | Noticed Edmund
  4366 | D:6      | Killed Edmund
  4367 | D:6      | Reached skill level 5 in Short Blades
  4367 | D:6      | Reached XP level 7. HP: 31/37 MP: 8/8
  4399 | D:6      | Noticed Pikel
  4424 | D:6      | Killed Pikel
  4425 | D:6      | Gained mutation: You have razor-sharp teeth. [Vine Stalker
                  | growth]
  4425 | D:6      | Reached XP level 8. HP: 42/42 MP: 9/9
  4563 | D:6      | Noticed Grinder
  4570 | D:6      | Killed Grinder
  4661 | D:6      | Reached XP level 9. HP: 45/45 MP: 10/10
  4726 | D:6      | Found a burning altar of Makhleb.
  4826 | D:6      | Noticed Sigmund
  4833 | D:6      | Killed Sigmund
  4855 | D:6      | Found a hide-covered altar of Uskayaw.
  4855 | D:6      | Found a basalt altar of Yredelemnul.
  4908 | D:6      | Found a radiant altar of Vehumet.
  5515 | D:7      | Found a blossoming altar of Fedhas.
  5549 | D:7      | Noticed Joseph
  5801 | D:7      | Found a runed translucent door.
  5802 | D:7      | Noticed Crazy Yiuf
  5845 | D:7      | Reached skill level 5 in Fighting
  6529 | D:7      | Killed Crazy Yiuf
  6729 | D:7      | Killed Joseph
  7010 | D:8      | Reached XP level 10. HP: 52/53 MP: 11/11
  7199 | D:8      | Reached skill level 10 in Short Blades
  7208 | D:8      | Found a shimmering altar of Xom.
  7274 | D:8      | Reached skill level 1 in Evocations
  7500 | D:8      | Identified 2 scrolls of acquirement
  7500 | D:8      | Acquired 965 gold pieces
  7502 | D:8      | Acquired the +0 pair of fencer's gloves {Riposte Dex+3}
  7503 | D:8      | Found the +0 pair of fencer's gloves {Riposte Dex+3}
  7647 | D:9      | Reached *** piety under Trog
  7706 | D:9      | Found a stormy altar of Qazlal.
  7758 | D:9      | Noticed Gastronok
  7777 | D:9      | Killed Gastronok
  7778 | D:9      | Reached skill level 5 in Dodging
  7890 | D:9      | Noticed Harold
  7906 | D:9      | Killed Harold
  7907 | D:9      | Reached XP level 11. HP: 58/58 MP: 12/12
  8016 | D:9      | Noticed a two-headed ogre
  8023 | D:9      | Killed a two-headed ogre
  8105 | D:9      | Noticed a two-headed ogre
  8151 | D:9      | Reached skill level 1 in Armour
  8163 | D:9      | Killed a two-headed ogre
  8688 | D:10     | Entered Level 10 of the Dungeon
  8917 | D:10     | Found a sacrificial altar of Ru.
  8941 | D:10     | Found a glowing silver altar of Zin.
  9197 | D:10     | Found Wicrausm's Armour Boutique.
  9463 | D:11     | Found a gate leading to a gauntlet.
  9467 | Gauntlet | Entered a Gauntlet
  9467 | Gauntlet | Found a transporter.
  9467 | Gauntlet | Found a transporter.
  9475 | Gauntlet | Found a transporter.
  9479 | Gauntlet | Found a transporter.
  9487 | Gauntlet | Found a transporter.
  9491 | Gauntlet | Found a transporter.
  9495 | Gauntlet | Found a runed translucent door.
  9496 | Gauntlet | Noticed an orange crystal statue
  9497 | Gauntlet | Found a runed translucent door.
  9499 | Gauntlet | Found a transporter.
  9515 | Gauntlet | Found a transporter.
  9517 | Gauntlet | Found the amulet of the Four Winds {rN+ Will+++ Clar}
  9529 | Gauntlet | Found a transporter.
  9533 | Gauntlet | Found a transporter.
  9544 | Gauntlet | Found a transporter.
  9545 | Gauntlet | Found a transporter.
  9547 | Gauntlet | Noticed an oklob plant
  9600 | Gauntlet | Killed an oklob plant
  9723 | Gauntlet | Identified the +10 scimitar "Blob" {drain, rF+ SInv}
  9778 | Gauntlet | Reached XP level 12. HP: 66/66 MP: 13/13
  9827 | Gauntlet | Noticed a minotaur
  9837 | Gauntlet | Killed a minotaur
  9853 | Gauntlet | Identified the +0 short sword "Bietitodam" {vorpal, Str+3}
  9853 | Gauntlet | Identified the Collected Works on Blistering Earth
  9920 | D:11     | Reached **** piety under Trog
  9973 | D:11     | Noticed a two-headed ogre
  9986 | D:11     | Killed a two-headed ogre
 10056 | D:11     | Noticed a two-headed ogre
 10070 | D:11     | Killed a two-headed ogre
 10090 | D:11     | Found a staircase to the Lair.
 10158 | D:11     | Noticed Erolcha
 10166 | D:11     | Killed Erolcha
 10215 | D:11     | Reached skill level 10 in Fighting
 10228 | D:11     | Reached skill level 1 in Long Blades
 10293 | D:11     | Found a blossoming altar of Fedhas.
 10367 | D:11     | Identified the +0 leather armour of the Morning {Int+2}
 10376 | D:11     | You fall into a shaft and drop 2 floors!
 10512 | D:13     | Noticed a centaur warrior
 10550 | D:13     | Killed a centaur warrior
 10552 | D:13     | Noticed Urug
 10571 | D:13     | Noticed a two-headed ogre
 10595 | D:13     | Noticed a boulder beetle
 10601 | D:13     | Killed Urug
 10602 | D:13     | Reached skill level 5 in Long Blades
 10606 | D:13     | Killed a two-headed ogre
 10618 | D:13     | Killed a boulder beetle
 10726 | D:13     | Reached XP level 13. HP: 72/72 MP: 14/14
 10777 | D:13     | Found an ancient bone altar of Kikubaaqudgha.
 11172 | D:13     | Found a gate to the Vaults.
 11303 | D:12     | Noticed Sonja
 11304 | D:12     | Noticed Sonja
 11304 | D:12     | Sonja changed into Sonja the hornet
 11306 | D:12     | Killed Sonja the hornet
 11353 | D:12     | Found an opulent altar of Gozag.
 11544 | D:12     | Found a staircase to the Orcish Mines.
 12064 | D:12     | You fall into a shaft and drop 3 floors!
 12064 | D:15     | Entered Level 15 of the Dungeon
 12332 | D:15     | Reached skill level 10 in Long Blades
 12508 | D:15     | Found a staircase to the Depths.
 12508 | D:15     | Noticed a fire giant
 13190 | D:12     | Reached ***** piety under Trog
 13491 | D:12     | Identified the +7 war axe "Pygaem" {drain, Fly Dex+2}
 13874 | D:11     | Reached XP level 14. HP: 77/77 MP: 15/15
 13960 | Orc:1    | Entered Level 1 of the Orcish Mines
 14082 | Orc:1    | Reached XP level 15. HP: 75/80 MP: 16/16
 14089 | Orc:1    | Reached skill level 5 in Evocations
 14388 | Orc:2    | Entered Level 2 of the Orcish Mines
 14388 | Orc:2    | Found a staircase to the Elven Halls.
 14658 | Orc:1    | Received a gift from Trog
 14792 | Orc:2    | Found Tisetad's Armour Shoppe.
 15190 | Orc:1    | Found Ycoxon's Book Shop.
 15662 | Orc:2    | Found Qeurab's Distillery.
 15662 | Orc:2    | Found Lizxon's Weapon Shoppe.
 15665 | Orc:2    | Found Xiof's Antique Armour Shop.
 15665 | Orc:2    | Found Idoshi Vihi's Distillery.
 15809 | Orc:2    | Bought a glowing helmet for 165 gold pieces
 15809 | Orc:2    | Bought a runed plate armour for 572 gold pieces
 15809 | Orc:2    | Bought a runed plate armour for 572 gold pieces
 15843 | Orc:2    | Bought a +1 ring mail of poison resistance for 182 gold
                  | pieces
 15937 | Lair:1   | Entered Level 1 of the Lair of Beasts
 15978 | Lair:1   | Received a gift from Trog
 16161 | Lair:1   | Reached skill level 5 in Armour
 16758 | Lair:2   | Found a staircase to the Shoals.
 16945 | Lair:2   | Reached ****** piety under Trog
 17502 | Lair:3   | You fall into a shaft and drop 2 floors!
 18144 | Lair:4   | Received a gift from Trog
 18246 | Lair:4   | Reached XP level 16. HP: 84/87 MP: 17/17
 18432 | Lair:4   | Found a hole to the Spider Nest.
 19124 | Lair:5   | Reached skill level 10 in Dodging
 19825 | Lair:6   | Entered Level 6 of the Lair of Beasts
 20256 | Lair:6   | Found an opulent altar of Gozag.
 20422 | Lair:6   | Found a staircase to the Slime Pits.
 20547 | Lair:6   | Received a gift from Trog
 20764 | Lair:6   | Found a runed translucent door.
 21143 | Lair:6   | Reached skill level 10 in Stealth
 21330 | Lair:6   | Reached XP level 17. HP: 88/94 MP: 18/18
 21348 | Lair:6   | Received a gift from Trog
 21530 | Spider:1 | Entered Level 1 of the Spider Nest
 21560 | Spider:1 | Noticed Aizul
 21572 | Spider:1 | Killed Aizul
 21685 | Shoals:1 | Entered Level 1 of the Shoals
 22048 | Shoals:1 | Noticed Louise
 22062 | Shoals:1 | Killed Louise
 22143 | Shoals:1 | Noticed Donald
 22153 | Shoals:1 | Killed Donald
 22181 | Shoals:1 | Acquired a manual of Long Blades
 22244 | Shoals:1 | Reached skill level 5 in Throwing
 22358 | Shoals:1 | Received a gift from Trog
 24220 | Shoals:3 | Reached skill level 10 in Throwing
 24384 | Shoals:3 | Reached XP level 18. HP: 88/99 MP: 19/19
 24557 | Shoals:4 | Entered Level 4 of the Shoals
 24623 | Shoals:4 | Noticed Polyphemus
 24637 | Shoals:4 | Killed Polyphemus
 24637 | Shoals:4 | Received a gift from Trog
 24731 | Shoals:4 | Found a runed translucent door.
 24732 | Shoals:4 | Noticed Galthrax's ghost (adept HOFi)
 24831 | Shoals:4 | Got a barnacled rune of Zot
 24999 | Shoals:4 | HP: 1/99 [merfolk/+0 trident (10)]
 25486 | Shoals:4 | Noticed Ilsuiw
 25507 | Shoals:4 | Killed Ilsuiw
 26981 | Spider:1 | Noticed Josephine
 26983 | Spider:1 | Noticed Nikola
 26993 | Spider:1 | Killed Josephine
 26998 | Spider:1 | Killed Nikola
 27627 | Spider:2 | Noticed Asterion
 27644 | Spider:1 | Killed Asterion
 27790 | Spider:2 | Reached XP level 19. HP: 107/107 MP: 20/20
 28751 | Spider:3 | Received a gift from Trog
 28862 | Spider:3 | Reached skill level 15 in Fighting
 29108 | Spider:4 | Entered Level 4 of the Spider Nest
 29354 | Spider:4 | Found a one-way gate to the infinite horrors of the Abyss.
 29354 | Spider:4 | Noticed Apetseyl's ghost (journeyman MiFi)
 29374 | Spider:4 | Found a transporter.
 29408 | Spider:4 | Found a frozen archway.
 29427 | IceCv    | Entered an ice cave
 29524 | IceCv    | Received a gift from Trog
 30010 | IceCv    | Reached skill level 15 in Long Blades
 30063 | IceCv    | Found the +2 hat of the Bear Spirit {Spirit, +Rage rN+
                  | Will++}
 30298 | Spider:4 | Found a transporter.
 30678 | Spider:4 | Received a gift from Trog
 31264 | Spider:4 | Got a gossamer rune of Zot
 31660 | Elf:1    | Entered Level 1 of the Elven Halls
 31661 | Elf:1    | Found Lupraof's Weapon Boutique.
 31818 | Elf:1    | Reached XP level 20. HP: 101/114 MP: 11/21
 32593 | Elf:2    | HP: 5/114 [+1 mace of holy wrath (4)]
 32815 | Elf:2    | Found a runed translucent door.
 32851 | Elf:2    | Found a runed translucent door.
 32884 | Elf:2    | Identified the +9 long sword of Cyadwot {vorpal, +Rage
                  | Str+4} (Trog gifted it to you on level 2 of the Elven
                  | Halls)
 32884 | Elf:2    | Received a gift from Trog
 33215 | Elf:3    | Entered Level 3 of the Elven Halls
 33353 | Elf:3    | Found Tupov's Magic Scroll Emporium.
 33383 | Elf:3    | Bought a scroll of enchant weapon for 90 gold pieces
 33383 | Elf:3    | Bought a scroll of enchant weapon for 90 gold pieces
 33504 | Elf:3    | Found Urpheaj's Weapon Shoppe.
 33670 | Elf:3    | Found Yclub's Jewellery Shop.
 33774 | Elf:3    | Found Fumoipid's General Store.
 33776 | Elf:3    | Found Uvoemuoc's Assorted Antiques.
 33788 | Elf:3    | Bought a scroll of magic mapping for 49 gold pieces
 34652 | Elf:3    | Identified the +10 hand axe of Retahui {vorpal, rF+ MP+9
                  | Int+5}
 34652 | Elf:3    | Identified the ring of the Komodo Dragon {*Slow rCorr MP+9
                  | Str+6}
 35030 | Elf:3    | Identified the +1 leather armour "Buqec" {rF+ Str+3 Int+2
                  | Dex+4}
 35361 | Elf:3    | HP: 5/119 [acid (13)]
 35362 | Elf:3    | Killed from afar by a deep elf pyromancer

Illustrated notes

Levels and vault maps discovered:
D:1:      pf_arrival_petrified_forest, layout_rooms
D:2:      layout_basic, shapermc_ecumenical_altar_starsandcircs, basic_altar
D:3:      layout_loops_corners, elyvilon_altar_5, tgw_trog,
          minmay_strange_pillars
D:4:      layout_basic, lemuel_tele_altar, tgw_kikubaaqudgha,
          grunt_decor_fettered, moated_statue
D:5:      wander_guarded_unrand_ratskin, layout_loops_ring,
          minmay_temple_entry_glassed_door, dk_vineyard_3
D:6:      layout_rooms, lemuel_coloured_pillars_altar,
          makhleb_blood_cavern_becter, amethyst_overflow_temple_binary,
          kennysheep_generic_room_13, uniq_pikel, uniq_edmund, uniq_sigmund,
          uniq_grinder
D:7:      layout_layer_cave, kennysheep_mini, uniq_joseph,
          uniq_crazy_yiuf_cottage
D:8:      layout_rooms, marbit_many_paths, nicolae_wwwww, patterned_corridor
D:9:      minmay_goldmine, layout_irregular_city,
          nicolae_qazlal_general_emergency, minmay_tree_intersection,
          minmay_misc_feat_rugged, uniq_harold, uniq_gastronok
D:10:     layout_loops_ring, overflow_temple_1_default, zin_academy,
          serial_shops, shop, serial_park_tiny_1
D:11:     layout_roguey, david_lair_shrubbed, gauntlet_entry_generic,
          fedhas_altar_2, uniq_erolcha
D:12:     four-leaf_vault, layout_long_grid, erik_orc_4,
          nicolae_gozag_seed_capital, uniq_sonja
D:13:     layout_small_grid, david_vaults_1, kiku_gazebo_garden_becter,
          uniq_urug
D:14:     layout_long_grid, kennysheep_boxes, minmay_mirror_moons_of_madness
D:15:     grunt_enter_depths_giant_problem, layout_long_grid, nrook_campfire,
          worms_lemuel
Lair:1:   layout_long_grid, minmay_lair_oklob_chamber
Lair:2:   layout_hall_layers, elwin_shoals_entry_stream, beast_lair_carwin_9,
          grunt_megastairs_4
Lair:3:   layout_regular_city, minmay_hedge_maze
Lair:4:   layout_loops_ring, spider_nest_entry_funnel_web,
          kennysheep_basilisk_garden
Lair:5:   layout_regular_city
Lair:6:   hangedman_lair_caniforms_friends, layout_gridlike, wormcave,
          dpeg_slime_entry_corner, eino_small_chamber_without_monster,
          lemuel_oklob_altar
Shoals:1: layout_shoals, nicolae_shoals_water_elemental_grotto, uniq_donald,
          uniq_louise
Shoals:2: layout_shoals
Shoals:3: layout_shoals
Shoals:4: shoals_end_grunt_ice, layout_shoals, shoal_ilsuiw,
          ebering_ghost_inner_flame, uniq_polyphemus
Spider:1: layout_spider_delve, uniq_nikola, uniq_josephine, uniq_aizul
Spider:2: layout_spider_delve, spiders_nest_hornet_nest, uniq_asterion
Spider:3: layout_spider_delve, hangedman_spider_mandibles
Spider:4: floodkiller_spider_rune_tomb, portal_ice_cave_entry_pillars_1,
          gammafunk_ghost_abyssal_escape, guppyfry_hornet_nest
Orc:1:    layout_diamond_mine, serial_shops, shop
Orc:2:    grunt_orc_tribal_feast, layout_caves, serial_shops, shop
Elf:1:    layout_gridlike, serial_shops, shop, kennysheep_underground_church,
          hangedman_decor_cross_pass
Elf:2:    layout_gridlike
Elf:3:    elf_hall, layout_geoelf_octagon, serial_shops, shop, shop, shop,
          shop_fountains, shop, st_stairs_7, minmay_strange_pillars

Skill      XL: |  1  2  3  4  5  6  7  8  9 10 11 12 13 14 15 16 17 18 19 20 |
---------------+-------------------------------------------------------------+-----
Fighting       | 2 3 4 6 7 9 10 11 12 14 15 17 | 17.7
Short Blades   | 2 3 4 5 6 8 9 10 | 10.0
Dodging        | 1 2 4 5 7 8 9 10 11 12 | 12.0
Shields        | 2 3 4 |  4.0
Stealth        | 6 8 10 | 10.0
Evocations     | 4 8 |  8.0
Armour         | 3 4 6 7 8 |  8.0
Long Blades    | 7 12 17 | 17.1
Throwing       | 10 12 | 12.0

Action                   |  1- 3 |  4- 6 |  7- 9 | 10-12 | 13-15 | 16-18 | 19-21 || total
-------------------------+-------+-------+-------+-------+-------+-------+-------++-------
Melee: Dagger            |    79 |   212 |   205 |   746 |    35 |    34 |       ||  1311
       Bite              |    22 |    83 |   103 |   455 |   426 |   893 |   658 ||  2640
       Scimitar          |       |       |       |     8 |   695 |  1421 |   242 ||  2366
       Double sword      |       |       |       |       |       |       |   730 ||   730
Throw: Dart              |       |       |     3 |     2 |     1 |    16 |    25 ||    47
Invok: Berserk           |       |       |     6 |    11 |    14 |    12 |     2 ||    45
       Trog's Hand       |       |       |     5 |    13 |    12 |    15 |     7 ||    52
       Brothers in Arms  |       |       |       |       |     1 |     9 |     9 ||    19
Evoke: Wand              |       |       |     3 |     1 |     1 |     2 |     1 ||     8
  Use: Scroll            |       |    14 |     1 |     4 |     8 |     8 |    15 ||    50
       Potion            |       |       |       |     1 |     1 |       |     1 ||     3
 Stab: Sleeping          |     1 |       |       |       |     5 |     2 |     5 ||    13
       Invisible         |       |       |       |     2 |       |       |       ||     2
       Distracted        |       |       |       |       |     2 |     8 |     3 ||    13
       Petrifying        |       |       |       |       |       |     1 |       ||     1
       Petrified         |       |       |       |       |       |     1 |       ||     1
Armor: Chain mail        |    30 |    90 |    65 |   152 |   188 |   475 |   404 ||  1404
       Ring mail         |     2 |       |       |       |    25 |       |       ||    27
       Robe              |     1 |       |       |       |       |       |       ||     1
Dodge: Dodged            |    18 |    37 |    43 |   163 |   343 |  1018 |   764 ||  2386
Block: Buckler           |       |    29 |    55 |   188 |   299 |   553 |   442 ||  1566
       Reflection        |       |       |       |     1 |       |       |       ||     1
       Rpst.: Dagger     |       |       |       |    36 |       |     6 |       ||    42
       Scimitar          |       |       |       |     1 |   159 |   409 |   110 ||   679
       Double sword      |       |       |       |       |       |       |   239 ||   239

Table legend: (Time is in decaauts)
 A = Elapsed time spent in this place.
 B = Non-inter-level travel time spent in this place.
 C = Inter-level travel time spent in this place.
 D = Time resting spent in this place.
 E = Time spent auto-exploring this place.
 F = Levels seen in this place.
 G = Mean time per level.
                   A        B        C        D        E       F      G
               +--------+--------+--------+--------+--------+-----+--------+
         Total |  34869 |  32161 |   2708 |   4235 |  19953 |  36 |  968.6 |
       Dungeon |  13679 |  12621 |   1058 |   1168 |   8918 |  15 |  911.9 |
          Lair |   5715 |   5112 |    603 |    335 |   3617 |   6 |  952.5 |
        Shoals |   5016 |   4713 |    303 |    580 |   2638 |   4 | 1254.0 |
   Spider Nest |   4116 |   3742 |    374 |    708 |   1855 |   4 | 1029.0 |
  Orcish Mines |   1752 |   1554 |    198 |    445 |    681 |   2 |  876.0 |
   Elven Halls |   3590 |   3421 |    169 |    872 |   1809 |   3 | 1196.7 |
      Ice Cave |    650 |    650 |      0 |     88 |    327 |   1 |  650.0 |
      Gauntlet |    349 |    349 |      0 |     36 |    108 |   1 |  349.0 |
               +--------+--------+--------+--------+--------+-----+--------+

Top non-repeatable levels by time:
   Elf:3: 2080 daAuts
Shoals:4: 2052 daAuts
     D:7: 1751 daAuts
    D:12: 1674 daAuts
Spider:4: 1553 daAuts
Spider:1: 1443 daAuts
  Lair:6: 1343 daAuts
  Lair:5: 1236 daAuts
    D:13: 1195 daAuts
Shoals:1: 1126 daAuts
     D:9: 1107 daAuts
   Orc:1: 979 daAuts
     D:1: 963 daAuts
Shoals:3: 960 daAuts
     D:3: 917 daAuts
